 Dungeon Crawl Stone Soup version 0.31-a0-806-g0bc164a743 (webtiles) character file.

Game seed: 2633092993060992742

9 GordonOverkill the Sneak (level 1, -4/18 HPs)
             Began as a Demigod Delver on Sept 21, 2023.
             Killed by nerve-wracking pain
             ... invoked by a shadow imp
              (10 damage)
             ... on level 5 of the Dungeon.
             The game lasted 00:00:47 (121 turns).

GordonOverkill the Sneak (Demigod Delver)            Turns: 121, Time: 00:00:47

Health: -4/18      AC:  7    Str: 13    XL:     1   Next: 93%
Magic:  3/3        EV: 11    Int: 12    God:
Gold:   0          SH:  0    Dex: 15    Spells: 0/0 levels left

rFire   + . .        a - +0 hand axe
rCold   . . .        (no shield)
rNeg    . . .        b - +0 leather armour
rPois   .            (no helmet)
rElec   .            h - +3 cloak of Zehuocs {rF+ rCorr}
rCorr   +            (no gloves)
SInv    .            (no boots)
Will    .....        (no amulet)
Stlth   +++          (no ring)
HPRegen 0.23/turn    (no ring)
MPRegen 0.08/turn

%: no passive effects
@: hasted, very quick
A: high MP 1, forlorn, divine attributes
a: no special abilities


You were on level 5 of the Dungeon.
You visited 1 branch of the dungeon, and saw 2 of its levels.

Inventory:

Hand Weapons
 a - a +0 hand axe (weapon)
Armour
 b - a +0 leather armour (worn)
 h - the +3 cloak of Zehuocs (worn) {rF+ rCorr}
   (You found it on level 5 of the Dungeon)

   rF+:       It protects you from fire.
   rCorr:     It protects you from acid and corrosion.
Wands
 g - a wand of digging (3)
Scrolls
 c - a scroll of fog
 d - a scroll of revelation


   Skills:
 - Level 2.6 Fighting
 + Level 2.5 Axes
 - Level 1.7 Dodging
 - Level 4.5 Stealth


You couldn't memorise any spells.
You didn't know any spells.
Your spell library was empty.

Dungeon Overview and Level Annotations

Branches:
Dungeon (6/15)
 Temple: D:4-7


Innate Abilities, Weirdness & Mutations

You have an increased reservoir of magic. (+10% MP)
You shall have no god before yourself.
Your divine heritage dramatically boosts your attributes as you level up.


Message History

The adder closely misses you. The adder bites you.
You are poisoned.
The adder poisons you!
You are too injured to fight recklessly!
You hit the adder.
The adder is almost dead.
You feel sick. The adder bites you but does no damage.
You are too injured to fight recklessly!
You miss the adder.
The adder is almost dead.
You feel sick. The adder bites you but does no damage.
The adder closely misses you.
You barely miss the adder.
The adder is almost dead.
You feel sick. The adder bites you.
* * * LOW HITPOINT WARNING * * *
You are more poisoned.
The adder poisons you! The adder closely misses you.
You miss the adder.
The adder is almost dead.
You feel sick. The adder closely misses you.
You hit the adder.
You kill the adder!
You feel sick.
Your Axes skill increases to level 2!
You feel sick.
You feel sick.
You feel sick.
You are no longer poisoned.
The shadow imp shouts!
You feel yourself speed up.
You hit the shadow imp but do no damage.
The shadow imp barely misses you.
You hit the shadow imp.
The shadow imp is lightly wounded.
The shadow imp laughs crazily.
The shadow imp gestures at you. Pain shoots through your body!
Ouch! That really hurt!
You die...

..#...............#
...................
.##..............##
........>##........ .
#.####.###>.......
..##.# #.###........
.(..$$###..........##
#....5.####......#
#.##.#@## #......#
#....##.......#
###...........#
##.....###### #.##.#
... .. .#.# # ##...
###


You could see a shadow imp.

Vanquished Creatures
  An adder (D:5)
1 creature vanquished.

Notes
Turn   | Place    | Note
-------+----------+-------------------------------------------
     0 | D:5      | GordonOverkill the Demigod Delver began the quest for the
                  | Orb.
     0 | D:5      | Reached XP level 1. HP: 18/18 MP: 3/3
    10 | D:6      | Noticed an orc wizard
    29 | D:5      | Identified the +3 cloak of Zehuocs {rF+ rCorr}
    90 | D:6      | Noticed a hound
   121 | D:5      | Killed from afar by a shadow imp

Illustrated notes

Levels and vault maps discovered:
D:5:      layout_rooms
D:6:      layout_basic, uniq_grinder

Skill      XL: |  1 |
---------------+----+-----
Axes           | 2 |  2.5
Fighting       | |  2.6
Dodging        | |  1.7
Stealth        | |  4.5

Action                     || total
---------------------------++-------
  Melee: Hand axe          ||    16
    Use: Scroll            ||     1
         Potion            ||     1
 Armour: Leather armour    ||    13
  Dodge: Dodged            ||    10

Table legend: (Time is in decaauts)
 A = Elapsed time spent in this place.
 B = Non-inter-level travel time spent in this place.
 C = Inter-level travel time spent in this place.
 D = Time resting spent in this place.
 E = Time spent auto-exploring this place.
 F = Levels seen in this place.
 G = Mean time per level.
                   A        B        C        D        E       F      G
               +--------+--------+--------+--------+--------+-----+--------+
         Total |    125 |    125 |      0 |     31 |      0 |   2 |   62.5 |
       Dungeon |    125 |    125 |      0 |     31 |      0 |   2 |   62.5 |
               +--------+--------+--------+--------+--------+-----+--------+

Top non-repeatable levels by time:
     D:6: 68 daAuts
     D:5: 57 daAuts
